 Dungeon Crawl Stone Soup version 0.17.0-73-gb648821 (webtiles) character file.

531 plasmid the Skirmisher (level 7, -5/56 HPs)
             Began as a Formicid Fighter on Dec 8, 2015.
             Was a Follower of Nemelex Xobeh.
             Slain by an orc warrior
             ... wielding a +1 flail of crushing
              (19 damage)
             ... on level 6 of the Dungeon on Dec 9, 2015.
             The game lasted 00:35:51 (4079 turns).

plasmid the Skirmisher (Formicid Fighter)           Turns: 4079, Time: 00:35:52

Health: -5/56      AC:  8    Str: 27      XL:     7   Next: 48%
Magic:  10/10      EV: 13    Int:  8      God:    Nemelex Xobeh [*.....]
Gold:   192        SH: 10    Dex: 13 (15) Spells: 0 memorised, 6 levels left

rFire  + . .     SeeInvis +     E - +0 whip
rCold  + . .     Clarity  .     b - +0 scale mail
rNeg   . . .     SustAt   .     c - +0 shield
rPois  +         Gourm    .     (helmet unavailable)
rElec  +         Spirit   .     (no cloak)
rCorr  +         Warding  .     o - +0 pair of gloves
rMut   .         Stasis   +     (no boots)
MR     .....                    (no amulet)
Stlth  +.........               n - ring of see invisible
                                F - ring of flight

@: mighty, agile, resistant, cleaving, not resistant to hostile enchantments,
very unstealthy
A: permanent stasis, dig shafts and tunnels, four strong arms, antennae 3
a: Dig, Shaft Self, Renounce Religion, Evoke Flight


You were on level 6 of the Dungeon.
You worshipped Nemelex Xobeh.
Nemelex Xobeh was aware of your devotion.
You were not hungry.

You visited 1 branch of the dungeon, and saw 5 of its levels.

You collected 192 gold pieces.

Inventory:

Hand Weapons
 a - a +0 flail
 f - a +0 flail
 i - a +0 club
 l - a cursed -3 short sword
 E - a +0 whip (weapon)
 M - a +0 spear
Missiles
 m - 125 stones (quivered)
Armour
 b - a +0 scale mail (worn)
 c - a +0 shield (worn)
 o - a +0 pair of gloves (worn)
 x - a cursed +0 robe
 z - a +0 chain mail
 C - a +1 hat
 L - a +0 chain mail
 S - a +0 plate armour
Jewellery
 n - a ring of see invisible (right hand)
 F - a ring of flight (left hand)
Wands
 h - a wand of confusion (34)
 H - a wand of teleportation (5)
 P - a wand of polymorph (2)
Scrolls
 s - 2 scrolls of immolation {unknown}
 u - a scroll of amnesia
 y - a scroll of teleportation
 A - 2 scrolls of remove curse
 D - a scroll of enchant weapon {unknown}
 G - a scroll of noise
 J - a scroll of random uselessness {unknown}
 K - a scroll of enchant armour {unknown}
 R - a scroll of identify
Potions
 d - a potion of might
 g - a potion of mutation {unknown}
 j - a potion of cancellation {unknown}
 k - a potion of flight {unknown}
 t - a potion of lignification {unknown}
 v - a potion of haste
Miscellaneous
 O - a plain deck of war {drawn: 1}
 T - a plain deck of war {drawn: 3}
Comestibles
 e - 6 bread rations
 q - a meat ration
 r - 2 beef jerkies
 I - a fruit
 Q - 7 chunks of flesh


   Skills:
 + Level 5.4 Fighting
 - Level 4.5 Maces & Flails
 - Level 3.2 Armour
 - Level 4.2 Shields
 + Level 4.5 Evocations


You had 6 spell levels left.
You didn't know any spells.

Dungeon Overview and Level Annotations

Branches:
Dungeon (6/15)
 Temple: D:4-7

Altars:
Fedhas
Makhleb
Nemelex Xobeh
Vehumet
Xom


Innate Abilities, Weirdness & Mutations

You are under a permanent stasis effect.
You can dig through walls and to a lower floor.
Your four strong arms can wield two-handed weapons with a shield.
You have a pair of large antennae on your head (SInv).


Message History

* * * LOW HITPOINT WARNING * * *
You block the orc priest's attack. You block the orc's attack.
The orc warrior completely misses you.
You closely miss the orc priest.
The orc priest is heavily wounded.
You whack the orc warrior!
The orc warrior is almost dead.
Your shield prevents you from hitting the orc.
You block the orc's attack.
The orc priest calls upon Beogh to heal the orc warrior.
The orc warrior is healed somewhat.
You block the orc's attack.
You whack the orc priest!
The orc priest is almost dead.
You hit the orc.
The orc is severely wounded.
You closely miss the orc warrior.
The orc warrior is severely wounded.
The orc warrior hits you with a flail of crushing!!
You die...
Your body disappears without a glow.

#######...#### #
##.## # #..# #
#.## # ####.####
+# # #.......#
###.# # #.##.##.#
#...####. # #
#.##.#####o#......
#.......##@o......
####.##.##o8#8....
####.##.##o#$# ...
..........รท8#8. .
#####.#.#.........
#.#...........
#.####.#.###.# ..
#.#.# .# #.#..


You could see an orc warrior, an orc priest and 2 orcs.

Vanquished Creatures
  A phantom (D:6)
  A giant frog zombie (D:6)
  An orc priest (D:4)
  An orc wizard (D:4)
  Robin (D:2)
  8 gnolls (D:4)
  An adder (D:6)
  2 shadow imps (D:6)
  3 oozes
  5 giant geckos
  5 orcs
  3 giant cockroaches
  17 goblins
  6 hobgoblins
  10 jackals
  8 kobolds
  A quokka (D:3)
  13 bats
  3 giant newts
  2 quokka skeletons (D:4)
  8 rats
100 creatures vanquished.

Vanquished Creatures (collateral kills)
  A black bear (D:6)
  A phantom (D:6)
  A giant frog (D:6)
  An adder (D:3)
4 creatures vanquished.

Grand Total: 104 creatures vanquished

Notes
Turn   | Place    | Note
--------------------------------------------------------------
     0 | D:1      | plasmid the Formicid Fighter began the quest for the Orb.
     0 | D:1      | Reached XP level 1. HP: 18/18 MP: 1/1
   152 | D:1      | Reached skill level 4 in Shields
   159 | D:1      | Reached XP level 2. HP: 24/24 MP: 2/2
   355 | D:1      | Reached XP level 3. HP: 29/29 MP: 3/3
  1069 | D:2      | Found a shimmering altar of Xom.
  1132 | D:2      | Found a blossoming altar of Fedhas.
  1149 | D:2      | Found a sparkling altar of Nemelex Xobeh.
  1160 | D:2      | Became a worshipper of Nemelex Xobeh the Trickster
  1165 | D:2      | Found a burning altar of Makhleb.
  1264 | D:2      | Found a radiant altar of Vehumet.
  1448 | D:2      | Noticed Robin
  1460 | D:2      | Reached XP level 4. HP: 35/35 MP: 4/4
  1504 | D:2      | Killed Robin
  1669 | D:2      | Noticed an orc warrior
  1910 | D:3      | Received a gift from Nemelex Xobeh
  2250 | D:3      | Reached XP level 5. HP: 42/42 MP: 5/5
  2318 | D:3      | Reached skill level 1 in Evocations
  3009 | D:4      | Reached * piety under Nemelex Xobeh
  3070 | D:4      | Received a gift from Nemelex Xobeh
  3128 | D:4      | XOM: harmless Trmt miscast
  3145 | D:4      | Reached XP level 6. HP: 49/49 MP: 7/7
  3273 | D:4      | You fall through a shaft for 2 floors!
  3284 | D:6      | Upgraded the game from 0.17.0-57-g0e89251 to 0.17.0-73-gb648821
  3815 | D:6      | Reached XP level 7. HP: 28/55 MP: 8/10
  3858 | D:6      | Reached skill level 5 in Fighting
  3872 | D:6      | Noticed a black bear
  3879 | D:6      | Killed a black bear
  4058 | D:6      | Noticed an orc warrior
  4061 | D:6      | Received a gift from Nemelex Xobeh
  4079 | D:6      | Slain by an orc warrior

Action                   |  1- 3 |  4- 6 |  7- 9 || total
-------------------------+-------+-------+-------++-------
Melee: Flail             |   125 |    85 |       ||   210
       Whip              |       |   216 |    35 ||   251
       Unarmed           |       |    39 |       ||    39
Throw: Stone             |     3 |       |       ||     3
Evoke: Deck              |       |     9 |     3 ||    12
       Wand              |       |     3 |     1 ||     4
  Use: Potion            |     2 |     5 |     6 ||    13
       Scroll            |     4 |     3 |     1 ||     8
 Stab: Confused          |       |     3 |       ||     3
  Eat: Chunk             |     2 |     6 |     1 ||     9
       Fruit             |       |     2 |       ||     2
